 Dungeon Crawl Stone Soup version 0.19-a0-1662-gb81896f (webtiles) character file.

143 Naow the Chopper (level 5, -4/46 HPs)
             Began as a Minotaur Berserker on Sept 21, 2016.
             Was a Believer of Trog.
             Slain by Promi's ghost (7 damage)
             ... on level 3 of the Dungeon.
             The game lasted 00:03:13 (1703 turns).

Naow the Chopper (Minotaur Berserker)               Turns: 1703, Time: 00:03:13

Health: -4/46      AC:  2    Str: 23    XL:     5   Next: 4%
Magic:  4/4        EV: 12    Int:  4    God:    Trog [**....]
Gold:   122        SH:  0    Dex:  9    Spells: 0 memorised, 4 levels left

rFire  . . .     SeeInvis .     a - +0 hand axe
rCold  . . .     Gourm    .     b - +0 animal skin
rNeg   . . .     Faith    .     (no shield)
rPois  .         Spirit   .     (helmet restricted)
rElec  .         Dismiss  .     (no cloak)
rCorr  .         Reflect  .     (no gloves)
MR     ++...     Harm     .     (no boots)
Stlth  +.........               (no amulet)
                                (no ring)
                                (no ring)

@: exhausted, regenerating
A: retaliatory headbutt, horns 2
a: Berserk, Trog's Hand, Burn Spellbooks, Renounce Religion


You were on level 3 of the Dungeon.
You worshipped Trog.
Trog was pleased with you.
You were not hungry.

You visited 1 branch of the dungeon, and saw 3 of its levels.

You collected 122 gold pieces.

Inventory:

Hand Weapons
 a - a +0 hand axe (weapon)
Armour
 b - a +0 animal skin (worn)
Jewellery
 g - an uncursed ring of protection from fire {unknown}
 k - a +4 ring of strength {unknown}
Scrolls
 f - 6 scrolls of identify {unknown}
 h - 2 scrolls of teleportation {unknown}
 i - 2 scrolls of magic mapping {unknown}
 j - a scroll of immolation {unknown}
 l - a scroll of amnesia {unknown}
 m - 3 scrolls of blinking {unknown}
 o - a scroll of enchant weapon {unknown}
Potions
 d - a potion of ambrosia {unknown}
 e - a potion of brilliance {unknown}
 p - a potion of curing {unknown}
 r - 2 potions of beneficial mutation {unknown}
Comestibles
 c - 4 bread rations
 n - a meat ration
 q - 4 chunks of flesh


   Skills:
 - Level 3.8 Fighting
 + Level 6.8 Axes
 - Level 2.5 Armour
 - Level 2.2 Dodging


You had 4 spell levels left.
You didn't know any spells.

Dungeon Overview and Level Annotations

Branches:
Dungeon (3/15)

Altars:
Ashenzari
Dithmenos
Vehumet

Annotations:
D:3 Promi's ghost, amateur DgWz


Innate Abilities, Weirdness & Mutations

You reflexively headbutt those who attack you in melee.
You have a pair of horns on your head.


Message History

You continue eating. x2
You finish eating.
This raw flesh tastes terrible.
You start resting.
Promi's ghost (amateur Demigod Wizard) comes into view.
It is wielding a weapon of flaming.
Promi's ghost is nearby!
Promi's ghost turns its malevolent gaze towards you.
You feel yourself speed up. Promi's ghost casts a spell at you.
The magic dart hits you!
* * * LOW HITPOINT WARNING * * *
Your skin crawls.
You feel resistant to hostile enchantments.
You feel somewhat more hungry.
Promi's ghost points at you and mumbles some strange words.
The magic dart hits you!
* * * LOW HITPOINT WARNING * * *
You are too injured to fight recklessly!
You are too injured to fight recklessly!
Promi's ghost hits you!
You die...

..#.........#...
...............
#.#.#......##....
#.#......#.......
#...###.)[..#....
#...#....#......
#..#..#.........
.........W.#####
$........@###
............##
............<##
....#.........#
#.............#
#..#..........#
.. #.......)..# #
#..........#
###.......##


You could see Promi's ghost.

Vanquished Creatures
  An orc wizard (D:3)
  4 adders (D:2)
  3 dart slugs
  3 leopard geckos
  4 orcs (D:3)
  8 bats
  4 giant cockroaches
  4 goblins
  6 hobgoblins
  10 jackals (D:1)
  5 kobolds
  A quokka (D:2)
  A ball python (D:3)
  A frilled lizard (D:2)
  8 rats
63 creatures vanquished.

Notes
Turn   | Place    | Note
-------+----------+-------------------------------------------
     0 | D:1      | Naow the Minotaur Berserker began the quest for the Orb.
     0 | D:1      | Reached XP level 1. HP: 19/19 MP: 0/0
   134 | D:1      | Reached skill level 4 in Axes
   160 | D:1      | Reached XP level 2. HP: 23/27 MP: 1/1
   545 | D:1      | Reached XP level 3. HP: 9/33 MP: 2/2
   860 | D:1      | Reached ** piety under Trog
   867 | D:1      | Reached skill level 5 in Axes
  1041 | D:2      | Found a shadowy altar of Dithmenos.
  1047 | D:2      | Reached XP level 4. HP: 27/40 MP: 3/3
  1340 | D:2      | Reached skill level 6 in Axes
  1347 | D:2      | Found a radiant altar of Vehumet.
  1404 | D:2      | Found a shattered altar of Ashenzari.
  1660 | D:3      | Reached XP level 5. HP: 9/46 MP: 4/4
  1661 | D:3      | Reached *** piety under Trog
  1695 | D:3      | Noticed Promi's ghost (amateur DgWz)
  1702 | D:3      | HP: 2/46 [Promi's ghost/magic dart (8)]
  1703 | D:3      | Slain by Promi's ghost

Vault maps used:
D:1:      saegor_arrival_simple_b
D:2:      nicolae_dithmenos_through_a_glass_darkly, vehumet_crystals,
          lemuel_tele_altar
D:3:      old_standard_altar

Skill      XL: |  1  2  3  4 |
---------------+-------------+-----
Axes           | 4 5 6 |  6.8
Fighting       | |  3.8
Armour         | |  2.5
Dodging        | |  2.2

Action                   |  1- 3 |  4- 6 || total
-------------------------+-------+-------++-------
Melee: Hand axe          |    79 |    53 ||   132
       Headbutt          |    12 |     5 ||    17
Invok: Berserk           |       |     1 ||     1
       Trog's Hand       |       |     1 ||     1
  Eat: Chunk             |       |     4 ||     4
Armor: Animal skin       |    16 |    14 ||    30
Dodge: Dodged            |    59 |    41 ||   100
